Map: New Gettysburg LE

Players

Hyukoh

  • Race: Protoss Protoss
  • League: Grandmaster

SortOf - Winner!

  • Race: Zerg Zerg
  • League: Grandmaster

VOD

Have the link to the VOD?

Description

Time

  • Played on: Oct. 30, 2016, 7:43 a.m.
  • Length: 12:54
Show
View Real Time Build Order
Export as new Build Order

Hyukoh Protoss 

Build Orders: 1 Gate Expand, Oracle Opening 

Get SALT Encoding   

  12  0:01  Probe (Chrono Boost)  
  13  0:11  Probe (Chrono Boost)  
  14  0:19  Pylon  
  14  0:22  Probe (Chrono Boost)  
  15  0:37  Probe (Chrono Boost)  
  15  0:40  Gateway  
  16  0:48  Probe (Chrono Boost)  
  17  0:50  Assimilator  
  17  0:58  Probe (Chrono Boost)  
  18  1:09  Probe (Chrono Boost)  
  19  1:25  Nexus, Unknown  
  19  1:27  Probe (Chrono Boost)  
  20  1:38  Cybernetics Core  
  20  1:42  Probe (Chrono Boost)  
  20  1:46  Assimilator  
  21  1:52  Probe (Chrono Boost)  
  22  1:57  Pylon  
  22  2:03  Probe (Chrono Boost)  
  23  2:10  Warp Gate  
  23  2:12  Adept  
  26  2:17  Probe (Chrono Boost)  
  26  2:29  Probe (Chrono Boost)  
  27  2:34  Stargate  
  27  2:37  Unknown  
  27  2:39  Probe (Chrono Boost), Zealot  
  27  2:43  Probe (Chrono Boost)  
  31  2:50  Probe (Chrono Boost)  
  32  2:54  Probe (Chrono Boost)  
  33  3:00  Probe (Chrono Boost)  
  33  3:04  Probe (Chrono Boost)  
  35  3:10  Gateway  
  35  3:11  Gateway  
  35  3:13  Oracle  
  35  3:15  Probe (Chrono Boost)  
  40  3:27  Probe (Chrono Boost)  
  40  3:28  Mothership Core (Chrono Boost)  
  40  3:29  Pylon  
  40  3:39  Probe (Chrono Boost)  
  41  3:44  Oracle  
  42  3:48  Probe (Chrono Boost)  
  42  3:54  Nexus, Unknown  
  45  3:58  Pylon  
  47  4:03  Probe (Chrono Boost)  
  47  4:04  Probe (Chrono Boost)  
  47  4:06  Pylon  
  47  4:14  Probe (Chrono Boost)  
  47  4:16  Probe (Chrono Boost)  
  49  4:25  Probe (Chrono Boost)  
  49  4:26  Probe (Chrono Boost)  
  49  4:28  Assimilator  
  49  4:30  Assimilator  
  51  4:31  Twilight Council  
  51  4:32  Forge  
  51  4:35  Probe (Chrono Boost)  
  51  4:37  Probe (Chrono Boost)  
  53  4:46  Probe (Chrono Boost)  
  53  4:47  Probe (Chrono Boost)  
  55  4:56  Probe (Chrono Boost)  
  55  4:58  Probe (Chrono Boost)  
  57  5:03  Sentry x3  
  57  5:06  Unknown  
  64  5:07  Probe (Chrono Boost)  
  64  5:08  Probe (Chrono Boost)  
  64  5:09  Probe (Chrono Boost)  
  64  5:12  Robotics Facility  
  66  5:15  Blink  
  66  5:17  Probe (Chrono Boost)  
  66  5:18  Gateway, Protoss Ground Weapons Level 1  
  66  5:19  Gateway  
  67  5:22  Gateway  
  67  5:23  Probe x2 (Chrono Boost)  
  67  5:24  Gateway  
  69  5:31  Probe (Chrono Boost)  
  70  5:43  Probe (Chrono Boost)  
  70  5:44  Zealot x2  
  75  5:50  Gateway  
  75  5:51  Zealot  
  75  5:53  Pylon  
  75  5:55  Warp Prism  
  75  5:56  Probe (Chrono Boost)  
  80  5:57  Probe x2 (Chrono Boost)  
  80  6:02  Pylon  
  75  6:23  Stalker  
  75  6:24  Stalker  
  79  6:26  Stalker x2  
  79  6:30  Probe x3 (Chrono Boost)  
  86  6:34  Sentry x2, Pylon  
  90  6:46  Zealot  
  90  6:47  Zealot x2  
  94  6:51  Probe (Chrono Boost)  
  94  6:52  Probe (Chrono Boost)  
  98  6:54  Pylon  
  98  6:56  Pylon  
  98  6:58  Observer  
  98  6:59  Protoss Ground Weapons Level 2  
  100  7:01  Probe (Chrono Boost)  
  100  7:04  Probe x2 (Chrono Boost)  
  100  7:06  Adept x3  
  108  7:09  Pylon  
  108  7:13  Probe (Chrono Boost), Stalker x4  
  117  7:28  Probe x2 (Chrono Boost)  
  117  7:29  Pylon  
  119  7:31  Pylon  
  119  7:33  Sentry x2  
  119  7:34  Stalker x2  
  127  7:47  Stalker x4  
  118  8:04  Charge  
  109  8:09  Adept x4  
  109  8:11  Immortal  
  113  8:15  Zealot x2  
  113  8:16  Zealot  
  113  8:29  Assimilator  
  113  8:32  Zealot x3  
  113  8:33  Zealot x2  
  113  8:34  Assimilator  
  121  8:37  Photon Cannon, Pylon  
  121  8:38  Photon Cannon, Pylon  
  121  8:44  Pylon  
  121  8:47  Zealot x3, Immortal  
  116  9:03  Probe x2 (Chrono Boost)  
  116  9:05  Zealot x2  
  116  9:09  Probe (Chrono Boost)  
  117  9:11  Zealot  
  117  9:12  Zealot  
  117  9:15  Probe x2 (Chrono Boost)  
  119  9:20  Templar Archives  
  119  9:21  Probe (Chrono Boost)  
  119  9:23  Protoss Ground Armor Level 1  
  120  9:27  Probe (Chrono Boost)  
  122  9:31  Probe (Chrono Boost)  
  122  9:33  Probe (Chrono Boost)  
  124  9:39  Probe (Chrono Boost)  
  124  9:43  Probe (Chrono Boost), Pylon  
  124  9:45  Probe (Chrono Boost), Zealot  
  126  9:50  Probe (Chrono Boost)  
  129  9:53  Probe (Chrono Boost)  
  129  9:55  Zealot x3  
  129  9:56  Probe (Chrono Boost)  
  129  9:57  Zealot  
  129  9:59  High Templar  
  141  10:01  High Templar  
  143  10:07  Archon  
  143  10:08  Immortal  
  147  10:16  High Templar  
  147  10:17  High Templar x3  
  155  10:21  Pylon  
  155  10:22  Archon x2  
  155  10:25  Pylon  
  155  10:39  Zealot x4  
  157  10:47  Warp Prism  
  95  11:02  High Templar x3  
  95  11:03  High Templar, Zealot x4  
  83  11:07  Archon, Psionic Storm  
  83  11:08  Archon  
  83  11:30  High Templar x2, Zealot x2  
  83  11:31  Nexus, Unknown  
  91  11:41  Zealot  
  91  11:44  High Templar x2, Zealot  
  99  11:51  Zealot  
  100  12:03  Zealot x4  
  93  12:10  Probe (Chrono Boost)  
  93  12:13  Stalker x2  
  90  12:17  Zealot  
  90  12:19  Pylon  
  90  12:26  Stalker x2  
  90  12:27  Stalker  
  82  12:37  Archon  
  82  12:40  High Templar x3  
  82  12:41  Stalker x2  
  81  12:46  Archon  
Show
View Real Time Build Order
Export as new Build Order

SortOf Zerg - Winner!

Build Orders: Hatch First 

Get SALT Encoding   

  12  0:00  Drone  
  13  0:13  Overlord  
  13  0:18  Drone  
  14  0:32  Drone x2  
  16  0:38  Drone  
  17  0:54  Drone  
  18  0:58  Unknown, Hatchery  
  17  1:06  Drone  
  17  1:09  Extractor  
  17  1:14  Spawning Pool  
  17  1:18  Drone  
  17  1:24  Drone  
  18  1:34  Drone  
  19  1:43  Drone  
  20  1:53  Overlord  
  20  2:08  Queen  
  20  2:10  Unknown x2, Hatchery  
  21  2:19  Metabolic Boost  
  21  2:23  Queen  
  21  2:26  Zergling x2  
  24  2:31  Zergling x2  
  24  2:33  Zergling x2  
  24  2:36  Zergling x2  
  27  2:39  Drone  
  28  2:47  Drone x2  
  30  2:57  Pneumatized Carapace  
  30  2:59  Overlord  
  30  3:02  Drone  
  30  3:05  Drone  
  32  3:06  Drone  
  32  3:12  Drone  
  34  3:13  Drone  
  35  3:22  Unknown, Drone  
  35  3:24  Queen  
  38  3:29  Drone x2  
  38  3:31  Drone  
  38  3:33  Drone  
  42  3:38  Overlord  
  42  3:41  Drone  
  43  3:44  Drone  
  43  3:47  Drone x2  
  46  3:50  Drone  
  46  3:52  Overlord  
  47  3:56  Spore Crawler  
  47  3:58  Spore Crawler  
  47  4:01  Spore Crawler  
  45  4:02  Zergling x2  
  45  4:05  Drone x2  
  45  4:07  Drone  
  45  4:09  Drone  
  48  4:17  Zergling x10  
  49  4:19  Drone  
  49  4:23  Queen  
  55  4:28  Drone  
  55  4:29  Evolution Chamber  
  55  4:30  Drone  
  55  4:31  Drone  
  57  4:32  Drone  
  58  4:38  Baneling Nest, Drone x2  
  58  4:42  Drone  
  58  4:44  Drone x3  
  63  4:47  Drone  
  64  4:52  Overlord  
  64  4:56  Lair  
  64  4:57  Drone  
  64  4:58  Overlord  
  65  5:01  Overlord  
  65  5:07  Zerg Melee Weapons Level 1  
  65  5:11  Extractor, Overlord  
  65  5:13  Drone x5  
  70  5:14  Drone  
  70  5:19  Drone  
  70  5:20  Drone  
  72  5:25  Queen  
  72  5:28  Drone x4  
  76  5:29  Drone x2  
  76  5:30  Extractor  
  76  5:32  Overlord  
  76  5:34  Baneling x2  
  76  5:35  Baneling  
  79  5:38  Drone x2  
  79  5:39  Drone  
  79  5:41  Drone  
  83  5:43  Extractor, Drone x2  
  83  5:44  Extractor  
  83  5:46  Extractor, Drone x2  
  84  5:53  Zergling x10  
  84  5:54  Roach Warren  
  84  5:56  Baneling x3  
  88  6:03  Overlord  
  88  6:04  Zergling x4  
  88  6:05  Zergling x4  
  88  6:11  Zergling x10  
  97  6:12  Hydralisk Den  
  94  6:20  Overlord  
  94  6:22  Zergling x2  
  94  6:23  Zergling x6  
  98  6:31  Infestation Pit  
  98  6:33  Centrifical Hooks, Drone  
  98  6:34  Drone  
  98  6:35  Drone x2  
  102  6:45  Roach  
  102  6:46  Roach x6, Unknown, Hatchery  
  113  6:57  Overlord  
  113  6:59  Overlord  
  113  7:01  Overlord x2  
  113  7:06  Baneling  
  113  7:07  Baneling x6  
  113  7:08  Ravager  
  113  7:13  Overlord  
  113  7:14  Queen  
  113  7:15  Queen  
  117  7:16  Ravager x4  
  117  7:17  Ravager  
  117  7:19  Zergling x2  
  117  7:20  Zergling x16  
  131  7:24  Ravager  
  132  7:32  Zergling x10  
  132  7:33  Baneling x8  
  136  7:38  Zergling x2  
  136  7:39  Zergling x8  
  141  7:47  Zergling x8  
  145  7:57  Unknown  
  133  8:01  Zergling x10  
  132  8:07  Hive  
  132  8:09  Spire  
  127  8:13  Drone x4  
  130  8:22  Zerg Melee Weapons Level 2  
  130  8:23  Unknown, Hatchery  
  130  8:24  Drone x4  
  133  8:28  Drone x2  
  133  8:33  Extractor  
  134  8:34  Extractor  
  134  8:35  Drone x2  
  134  8:36  Baneling x21  
  134  8:37  Baneling  
  128  8:49  Drone x2  
  128  8:50  Drone x2  
  123  9:05  Zergling x28  
  133  9:19  Zergling x6  
  133  9:20  Zergling x8  
  139  9:24  Adrenal Glands  
  139  9:25  Greater Spire  
  139  9:26  Queen  
  139  9:29  Overlord x2  
  139  9:30  Zergling x4  
  143  9:31  Baneling x18  
  143  9:34  Zergling x2  
  143  9:35  Unknown, Zergling x12  
  143  9:37  Overlord  
  150  9:41  Zergling x8  
  150  9:42  Zergling x2  
  155  9:54  Corruptor  
  155  9:55  Corruptor x3  
  155  9:56  Corruptor  
  155  9:59  Corruptor  
  167  10:09  Zergling x2  
  167  10:10  Zergling x16  
  167  10:12  Overseer  
  176  10:15  Overlord  
  176  10:21  Zergling x18  
  185  10:30  Zergling x10  
  185  10:33  Baneling x14  
  185  10:45  Zergling x22  
  184  10:54  Zergling x2  
  184  10:55  Zergling x12  
  167  10:58  Brood Lord  
  167  11:02  Brood Lord  
  167  11:03  Brood Lord  
  160  11:10  Brood Lord x2  
  164  11:12  Drone x4  
  168  11:20  Brood Lord  
  170  11:25  Corruptor  
  170  11:26  Corruptor  
  170  11:31  Corruptor x2  
  178  11:34  Baneling x7  
  178  11:39  Zergling x8  
  181  11:44  Baneling x9  
  179  11:47  Zergling x4  
  180  11:54  Unknown, Hatchery  
  175  12:08  Zergling x28  
  175  12:13  Overlord  
  175  12:14  Overlord  
  187  12:17  Overlord  
  187  12:21  Baneling x14  
  185  12:36  Zergling x26  
Tags
 
Add a new tag
Caveats
  • Supply blocks, unpowered buildings, or Contaminate may cause inaccurate times.
  • Supply counts are checked every 10 seconds.